 Dungeon Crawl Stone Soup version 0.31-a0-185-g9dded2c639 (webtiles) character file.

Game seed: 13102728993025652639

60 qw the Shooter (level 3, 0/20 HPs)
             Began as a Deep Elf Hunter on June 22, 2023.
             Succumbed to their own poison gas
             ... on level 2 of the Dungeon.
             The game lasted 00:00:32 (1271 turns).

qw the Shooter (Deep Elf Hunter)                    Turns: 1271, Time: 00:00:33

Health: 0/20       AC:  5    Str: 10    XL:     3   Next: 82%
Magic:  5/5        EV: 12    Int: 13    God:
Gold:   132        SH:  0    Dex: 18    Spells: 2/2 levels left

rFire   . . .        Y - +0 shortbow
rCold   . . .        (shield currently unavailable)
rNeg    . . .        c - +0 leather armour
rPois   .            (no helmet)
rElec   .            h - +0 cloak
rCorr   .            i - +0 pair of gloves
SInv    .            (no boots)
Will    .....        (no amulet)
Stlth   ++           (no ring)
HPRegen 0.23/turn    (no ring)
MPRegen 0.09/turn

%: no passive effects
@: brilliant, lethally poisoned (0 -> -9)
A: no striking features
a: no special abilities


You were on level 2 of the Dungeon.
You visited 1 branch of the dungeon, and saw 2 of its levels.

You collected 132 gold pieces.


   Skills:
 - Level 1.5 Fighting
 + Level 7.3 Ranged Weapons
 - Level 2.4 Dodging
 - Level 1.2 Stealth


You had 2 spell levels left.
You didn't know any spells.
Your spell library was empty.

Inventory:

Hand Weapons
 Y - a +0 shortbow (weapon)
Armour
 c - a +0 leather armour (worn)
 h - a +0 cloak (worn)
 i - a +0 pair of gloves (worn)
Scrolls
 d - a scroll of identify
Potions
 f - a potion of heal wounds

Dungeon Overview and Level Annotations

Branches:
Dungeon (2/15)

Altars:


Message History

You feel clever all of a sudden.
Done exploring.
1264 ||| READING 3 scrolls of identify.
As you read the scroll of identify, it crumbles to dust.
f - a potion of heal wounds;
1264 ||| IDENTIFYING yellow potion Done exploring.
1265 ||| READING 2 scrolls of identify.
As you read the scroll of identify, it crumbles to dust.
g - a potion of degeneration;
1265 ||| IDENTIFYING sapphire potion Done exploring.
1266 ||| DROPPING potion of brilliance.
You drop a potion of brilliance.
Done exploring.
1267 ||| DROPPING potion of degeneration.
You drop a potion of degeneration.
Done exploring.
(D) Dungeon
Where to? (* - list waypoints, Enter - D:2, ? - help)
What level of the Dungeon? (default 1, ? - help) Sorry, I don't know how to get there.
Enter note:
Enter note:
Enter note:
Enter note:
Enter note:
Enter note:
Enter note:
Enter note:
Enter note: Really walk into that cloud of poison gas?
You are engulfed in poison gas.
You are lethally poisoned!
You feel very sick.
1269 ||| Stepping ~*~*~tactically~*~*~ (cloud).
You feel very sick.
Things that are here:
a potion of degeneration; a potion of brilliance
There is a lethal amount of poison in your body!
You feel very sick.
There is a lethal amount of poison in your body!
You die...

### #0# #¤#
########0########
#¤0¤0¤¤@0¤¤¤0¤¤.#
########¤########
#¤##....# #########
#0##.##### #>......#
#¤##.#...#
#.......#####¤##.#...#
#............¤¤..#...#
#........####¤##.##'##
## #........#
#.##....# #.


There were no monsters in sight!

Vanquished Creatures
  A worm (D:2)
  5 dart slugs
  9 ball pythons
  6 endoplasms
  A giant cockroach (D:2)
  7 goblins
  4 hobgoblins
  2 jackals (D:2)
  A bat (D:2)
  2 frilled lizards
  3 kobolds
  3 rats
44 creatures vanquished.

Notes
Turn   | Place    | Note
-------+----------+-------------------------------------------
     0 | D:1      | qw the Deep Elf Hunter began the quest for the Orb.
     0 | D:1      | Reached XP level 1. HP: 12/12 MP: 3/3
     0 | D:1      | 0 ||| qw: Version: 0.3-a-9-g12657ce
     0 | D:1      | 0 ||| qw: Game counter: 1893
     0 | D:1      | 0 ||| qw: Always use a shield: true
     0 | D:1      | 0 ||| qw: God list: Okawaru
     0 | D:1      | 0 ||| qw: Allow faded altars: false
     0 | D:1      | 0 ||| qw: Do Orc after D:15 true
     0 | D:1      | 0 ||| qw: Do second Lair branch before Depths: true
     0 | D:1      | 0 ||| qw: Lair rune preference: random
     0 | D:1      | 0 ||| qw: Plans: Normal
     0 | D:1      | 0 ||| PLANNING D:1-11
   156 | D:1      | Reached skill level 6 in Ranged Weapons
   156 | D:1      | Reached XP level 2. HP: 16/16 MP: 4/4
   572 | D:1      | 572 ||| UPGRADING to +0 cloak.
   577 | D:1      | 577 ||| UPGRADING to +0 pair of gloves.
   582 | D:1      | 582 ||| READING scroll labelled MILUODD GUCRA.
   583 | D:1      | 583 ||| READING scroll labelled GOSUH CEOREU.
   584 | D:1      | 584 ||| READING scroll labelled ROYBBUTUKH.
   685 | D:1      | 685 ||| DROPPING scroll of butterflies.
   738 | D:2      | Reached XP level 3. HP: 20/20 MP: 5/5
   974 | D:2      | Reached skill level 7 in Ranged Weapons
  1261 | D:2      | 1261 ||| READING scroll labelled JENET PUFFONAPE.
  1262 | D:2      | 1262 ||| READING scroll labelled HANNOR KI LATY.
  1263 | D:2      | 1263 ||| DRINKING 2 purple potions.
  1264 | D:2      | 1264 ||| READING 3 scrolls of identify.
  1264 | D:2      | 1264 ||| IDENTIFYING yellow potion
  1265 | D:2      | 1265 ||| READING 2 scrolls of identify.
  1265 | D:2      | 1265 ||| IDENTIFYING sapphire potion
  1266 | D:2      | 1266 ||| DROPPING potion of brilliance.
  1267 | D:2      | 1267 ||| DROPPING potion of degeneration.
  1269 | D:2      | 1269 ||| Stepping ~*~*~tactically~*~*~ (cloud).
  1269 | D:2      | HP: 4/20 [poisoned by you (poison gas)]
  1271 | D:2      | Succumbed to their own poison gas

Levels and vault maps discovered:
D:1:      sevenhm_arrival_forest_fort_small_4, layout_loops_ring
D:2:      layout_basic, eino_tiny_chamber, kennysheep_small_spiral

Skill      XL: |  1  2  3 |
---------------+----------+-----
Ranged Weapons | 6 7 |  7.3
Fighting       | |  1.5
Dodging        | |  2.4
Stealth        | |  1.2

Action                     || total
---------------------------++-------
   Fire: Shortbow          ||   112
    Use: Scroll            ||     7
         Potion            ||     1
 Armour: Leather armour    ||     7
  Dodge: Dodged            ||    17

Table legend:
 A = Non-vault XP
 B = Vault XP
 C = Vault XP percentage of total XP
 D = Non-vault monster count
 E = Vault monster count
 F = Vault count percentage of total count
                 A         B        C        D         E       F
            +---------+---------+-------+---------+---------+-------
      Total |      87 |       0 |   0.0 |      44 |       0 |   0.0
            +---------+---------+-------+---------+---------+-------
        D:1 |      36 |       0 |   0.0 |      20 |       0 |   0.0
        D:2 |      51 |       0 |   0.0 |      24 |       0 |   0.0
            +---------+---------+-------+---------+---------+-------
